 Dungeon Crawl Stone Soup version 0.27.1-33-g824d729ab1 (webtiles) character file.

Game seed: 362970856399316650

70 Orville the Skirmisher (level 4, 0/40 HPs)
             Began as a Draconian Fighter on Dec 31, 2021.
             Was a Follower of Sif Muna.
             Succumbed to an adder's poison
             ... on level 1 of the Dungeon.
             The game lasted 00:09:47 (1922 turns).

Orville the Skirmisher (Draconian Fighter)          Turns: 1922, Time: 00:09:47

Health: 0/40       AC:  5    Str: 20    XL:     4   Next: 4%
Magic:  4/4        EV: 10    Int:  8    God:    Sif Muna [*.....]
Gold:   70         SH: 14    Dex: 10    Spells: 3/3 levels left

rFire    . . .     SeeInvis .   a - +0 war axe
rCold    . . .     Faith    .   b - +0 kite shield
rNeg     . . .     Spirit   .   (armour unavailable)
rPois    .         Reflect  +   (helmet restricted)
rElec    .         Harm     .   (no cloak)
rCorr    .         Rampage  .   (no gloves)
Will     .....                  (no boots)
Stlth    +.........             e - amulet of reflection
HPRegen  0.13/turn              (no ring)
MPRegen  0.09/turn              (no ring)

@: lethally poisoned (0 -> -6)
A: AC +5, unfitting armour, cold-blooded
a: Renounce Religion, Channel Magic


You were on level 1 of the Dungeon.
You worshipped Sif Muna.
Sif Muna was aware of your devotion.
You visited 1 branch of the dungeon, and saw 2 of its levels.

You collected 70 gold pieces.

Inventory:

Hand Weapons
 a - a +0 war axe (weapon)
Missiles
 f - 2 curare-tipped darts (quivered)
 g - 28 bolts
Armour
 b - a +0 kite shield (worn)
Jewellery
 e - an amulet of reflection (around neck)
Potions
 c - a potion of might
 d - a potion of degeneration


   Skills:
 + Level 3.7 Fighting
 + Level 3.0 Axes
 + Level 3.0 Dodging
 + Level 0.1 Stealth
 + Level 3.7 Shields


You had 3 spell levels left.
You didn't know any spells.
Your spell library was empty.

Dungeon Overview and Level Annotations

Branches:
Dungeon (2/15)

Altars:
Sif Muna
Xom


Innate Abilities, Weirdness & Mutations

Your plain brown scales are hard. (AC +5)
You cannot fit into any form of body armour.
You are cold-blooded and may be slowed by cold attacks.


Message History

The giant cockroach waves its antennae.
You block the giant cockroach's attack. The adder closely misses you.
The giant cockroach bites you but does no damage.
The giant cockroach waves its antennae.
The giant cockroach bites you but does no damage.
The giant cockroach bites you but does no damage.
The adder closely misses you.
There is an open door here.
You block the adder's attack. You block the adder's attack.
You block the adder's attack. The adder bites you.
* * * LOW HITPOINT WARNING * * *
The giant cockroach bites you but does no damage.
The dart slug launches a dart at you.
The slug dart reflects off an invisible shield around you!
The slug dart hits the dart slug.
You block the adder's attack.
The dart slug bites you but does no damage.
You block the giant cockroach's attack. You block the adder's attack.
There is a stone staircase leading up here.
The adder bites you.
* * * LOW HITPOINT WARNING * * *
You are poisoned.
The adder poisons you! The giant cockroach closely misses you.
The adder bites you.
* * * LOW HITPOINT WARNING * * *
You block the giant cockroach's attack.
You climb upwards.
* * * LOW HITPOINT WARNING * * *
You feel sick.
There is a stone staircase leading down here.
Okay, then.
* * * LOW HITPOINT WARNING * * *
You feel sick. The adder bites you.
* * * LOW HITPOINT WARNING * * *
You are more poisoned.
The adder poisons you! You block the giant cockroach's attack.
You die...

#.#.###.##.≈≈≈≈≈##
#.)†....##.≈≈≈≈≈≈##
#..)..####..≈≈≈≈≈≈#≈#
#.#.#.# ##..≈≈≈≈≈≈≈#
#.#.#.# #....#######
#.#.#.####.###..# #
#.#.B>S....# #.##
#.###.###### #.#
#...@.# #.# #######
#.###### #.......
#.###### #.# #
##########.######
#......†.........
#.########.######
##.# #........


You could see an adder.

Vanquished Creatures
  A gnoll (D:2)
  2 adders
  A worm (D:2)
  3 endoplasms (D:1)
  2 giant cockroaches (D:1)
  4 goblins
  2 hobgoblins (D:1)
  2 jackals (D:1)
  3 quokkas
  3 ball pythons
  4 bats
  4 frilled lizards
  4 kobolds (D:1)
  5 rats
40 creatures vanquished.

Notes
Turn   | Place    | Note
-------+----------+-------------------------------------------
     0 | D:1      | Orville the Draconian Fighter began the quest for the Orb.
     0 | D:1      | Reached XP level 1. HP: 19/19 MP: 1/1
   465 | D:1      | Reached XP level 2. HP: 25/26 MP: 2/2
  1289 | D:2      | Found a shimmering altar of Xom.
  1299 | D:2      | Reached XP level 3. HP: 28/31 MP: 3/3
  1804 | D:2      | Found a faded altar of an unknown god.
  1812 | D:2      | Became a worshipper of Sif Muna the Loreminder
  1812 | D:2      | Reached * piety under Sif Muna
  1878 | D:2      | Reached XP level 4. HP: 7/40 MP: 4/4
  1921 | D:1      | HP: 2/40 [adder (1)]
  1922 | D:1      | Succumbed to an adder's poison

Illustrated notes

Levels and vault maps discovered:
D:1:      dpeg_arrival_rhombus, layout_loops_corners, serial_rivers,
          chequers_serial_rivers_small_b, chequers_serial_rivers_micro_e,
          chequers_serial_rivers_large_a, chequers_serial_rivers_small_b
D:2:      minmay_spotlight, layout_loops_corners, basic_altar,
          hellmonk_ecumenical_altar_pennies_from_heaven

Skill      XL: |  1  2  3 |
---------------+----------+-----
Dodging        | 3 |  3.0
Axes           | 3 |  3.0
Fighting       | |  3.7
Stealth        | |  0.1
Shields        | |  3.7

Action                   |  1- 3 |  4- 6 || total
-------------------------+-------+-------++-------
Melee: War axe           |   120 |       ||   120
       Tailslap          |    12 |       ||    12
Throw: Dart              |     2 |       ||     2
  Use: Scroll            |     5 |       ||     5
       Potion            |     1 |       ||     1
Armor: Skin              |    55 |     6 ||    61
Dodge: Dodged            |    57 |     3 ||    60
Block: Kite shield       |   119 |    10 ||   129
       Reflection        |       |     1 ||     1
